 Dungeon Crawl Stone Soup version 0.29-a0-830-gcb1280458a (webtiles) character file.

Game seed: 14995213994828237617

34 blackman the Charlatan (level 3, -6/26 HPs)
             Began as a Human Artificer on July 11, 2022.
             Was an Initiate of Ru.
             Mangled by a gnoll
             ... wielding a +0 club
             ... led by a gnoll bouda
              (7 damage)
             ... on level 2 of the Dungeon.
             The game lasted 00:04:12 (1289 turns).

blackman the Charlatan (Human Artificer)            Turns: 1289, Time: 00:04:12

Health: -6/26      AC:  8    Str: 14    XL:     3   Next: 50%
Magic:  3/3        EV:  6    Int: 11    God:    Ru [......]
Gold:   54         SH:  0    Dex: 13    Spells: 2/2 levels left

rFire   . . .      SeeInvis .   h - +0 hand axe
rCold   + . .      Faith    .   (no shield)
rNeg    . . .      Spirit   .   r - +0 chain mail
rPois   .          Reflect  .   (no helmet)
rElec   .          Harm     .   (no cloak)
rCorr   .          Rampage  .   (no gloves)
Will    .....                   (no boots)
Stlth   ..........              (no amulet)
HPRegen 0.08/turn               l - ring of protection from cold
MPRegen 0.08/turn               (no ring)

@: brilliant
A: screaming 1
a: Renounce Religion


You were on level 2 of the Dungeon.
You worshipped Ru.
Ru was noncommittal.
You visited 1 branch of the dungeon, and saw 2 of its levels.

You collected 54 gold pieces.

Inventory:

Hand Weapons
 a - a +0 club
 h - a +0 hand axe (weapon)
Missiles
 g - 2 poisoned darts
Armour
 b - a +0 leather armour
 i - a +0 scale mail
 r - a +0 chain mail (worn)
Jewellery
 l - a ring of protection from cold (left hand)
Wands
 c - a wand of flame (14) (quivered)
 d - a wand of charming (13)
 e - a wand of iceblast (8)
Scrolls
 f - a scroll of silence {unknown}
 k - a scroll of identify {unknown}
 m - a scroll of enchant weapon {unknown}
 o - a scroll of fog {unknown}
 p - a scroll of enchant armour {unknown}
 t - a scroll of summoning {unknown}
Potions
 j - a potion of curing {unknown}
 n - 2 potions of brilliance
 q - a potion of attraction {unknown}
 s - a potion of heal wounds {unknown}


   Skills:
 - Level 1.0 Fighting
 - Level 2.0 Armour
 - Level 1.0 Dodging
 - Level 1.0 Stealth
 + Level 4.3 Evocations


You had 2 spell levels left.
You didn't know any spells.
Your spell library contained the following spells:

 Spells                   Type           Power      Damage    Failure   Level
 Scorch                   Fire           0%         2d5       100%        2
 Flame Wave               Conj/Fire      0%         2d4       100%        4
 Summon Cactus Giant      Summ           0%         N/A       100%        6


Dungeon Overview and Level Annotations

Branches:
Dungeon (2/15)

Altars:
Ru


Innate Abilities, Weirdness & Mutations

You occasionally shout uncontrollably at your foes.


Message History

The gnoll hits you with a +0 whip. The gnoll attacks as you move away!
The gnoll hits you with a +0 whip.
An adder comes into view.
The adder hisses angrily.
The gnoll attacks as you move away! The gnoll completely misses you.
The gnoll attacks as you move away! The gnoll hits you with a +0 whip.
The adder bites you. The gnoll hits you with a +0 whip.
Aiming: Charm
Press: ? - help, Shift-Dir - straight line, f - adder
Aim: an adder (chance to affect: 68%)
The adder struggles to resist.
The adder bites you.
You are poisoned.
The adder poisons you!
Aiming: Charm
Press: ? - help, Shift-Dir - straight line, f/p - adder
Aim: an adder (chance to affect: 68%)
The adder is charmed.
You feel sick. The gnoll barely misses you. What are your orders? t - Yell!
Orders for allies: a - Attack new target. p - Attack previous target. r - Retreat! s - Stop attacking. g - Guard the area. f - Follow me.
Anything else - Cancel.
Okay, then.
Unknown command.
You feel sick.
The gnoll hits your adder with a +0 whip!
The gnoll hits you with a +0 club.
* * * LOW HITPOINT WARNING * * *
* * * LOW HITPOINT WARNING * * *
You feel sick.
Your adder barely misses the gnoll.
The gnoll misses your adder.
Your adder barely misses the gnoll.
It was a potion of brilliance.
You feel clever all of a sudden.
* * * LOW HITPOINT WARNING * * *
You feel sick.
You are no longer poisoned.
Your adder bites the gnoll.
The gnoll is poisoned.
Your adder poisons the gnoll!
The gnoll hits you with a +0 club!
You die...

#.......#######........
####+#.......##.# #
#.....##...g.##...
#.#................
...#................
###.........g#....#..
#.#.#.###g.........
##.#.#....g...##....
......<@gS....##....
##..................
#..........#....#.
#................
#...##........... #...
#.#....#.##. #..
#.##...... ... #.#
.....


You could see a gnoll bouda, 3 gnolls and a friendly adder (charmed).

Vanquished Creatures
  An adder (D:2)
  An endoplasm (D:1)
  4 giant cockroaches
  2 goblins (D:2)
  2 hobgoblins
  A quokka (D:1)
  A ball python (D:2)
  3 bats
  3 frilled lizards
  3 kobolds
  2 rats
23 creatures vanquished.

Notes
Turn   | Place    | Note
-------+----------+-------------------------------------------
     0 | D:1      | blackman the Human Artificer began the quest for the Orb.
     0 | D:1      | Reached XP level 1. HP: 15/15 MP: 1/1
   330 | D:1      | Reached XP level 2. HP: 21/21 MP: 2/2
   424 | D:1      | Found a faded altar of an unknown god.
   431 | D:1      | Prayed at the altar of an unknown god.
   431 | D:1      | Became a worshipper of Ru the Awakened
   548 | D:1      | Gained mutation: You occasionally shout uncontrollably at
                  | your foes. [Ru sacrifice]
   672 | D:2      | Reached skill level 4 in Evocations
   672 | D:2      | Reached XP level 3. HP: 12/26 MP: 3/3
  1289 | D:2      | HP: 1/26 [poisoned by an adder]
  1289 | D:2      | Mangled by a gnoll

Illustrated notes

Levels and vault maps discovered:
D:1:      amcnicky_arrival_flooded_fountain, layout_basic,
          basic_ecumenical_altar
D:2:      layout_basic, skrybe_limestone_x

Skill      XL: |  1  2 |
---------------+-------+-----
Evocations     | 4 |  4.3
Fighting       | |  1.0
Armour         | |  2.0
Dodging        | |  1.0
Stealth        | |  1.0

Action                   || total
-------------------------++-------
Melee: Hand axe          ||    87
Invok: Sacrifice Purity  ||     1
Evoke: Wand              ||     4
  Use: Potion            ||     1
Armor: Scale mail        ||    57
Dodge: Dodged            ||    58

Table legend: (Time is in decaauts)
 A = Elapsed time spent in this place.
 B = Non-inter-level travel time spent in this place.
 C = Inter-level travel time spent in this place.
 D = Time resting spent in this place.
 E = Time spent auto-exploring this place.
 F = Levels seen in this place.
 G = Mean time per level.
                   A        B        C        D        E       F      G
               +--------+--------+--------+--------+--------+-----+--------+
         Total |   1313 |   1274 |     39 |    460 |    593 |   2 |  656.5 |
       Dungeon |   1313 |   1274 |     39 |    460 |    593 |   2 |  656.5 |
               +--------+--------+--------+--------+--------+-----+--------+

Top non-repeatable levels by time:
     D:2: 710 daAuts
     D:1: 602 daAuts
